 Dungeon Crawl Stone Soup version 0.31-a0-997-g9a2f3ffc92 (webtiles) character file.

Game seed: 11607692362352310900

13125 Dirtsage the Cleaver (level 11, 0/86 (97) HPs)
             Began as a Minotaur Fighter on Nov 7, 2023.
             Was an Elder of Okawaru.
             Slain by a spectral orc warlord
             ... wielding a +3 long sword of electrocution
             ... summoned by Nergalle
              (1 damage)
             ... on level 10 of the Dungeon.
             The game lasted 00:19:21 (8716 turns).

Dirtsage the Cleaver (Minotaur Fighter)             Turns: 8716, Time: 00:19:22

HP:   0/86 (97)     AC: 18    Str: 23    XL:     11   Next: 71%
MP:   14/14         EV: 11    Int: 13    God:    Okawaru [****..]
Gold: 649           SH:  7    Dex: 10    Spells: 9/11 levels left

rFire   . . .        O - +3 war axe (freeze)
rCold   . . .        c - +0 buckler
rNeg    . . .        h - +0 chain mail
rPois   .            (helmet restricted)
rElec   .            (no cloak)
rCorr   .            A - +0 pair of gloves {Stlth+}
SInv    .            (no boots)
Will    .....        (no amulet)
Stlth   +            y - +4 ring of protection
HPRegen 0.34/turn    z - +6 ring of intelligence
MPRegen 0.14/turn

%: no passive effects
@: heroic, heavily drained
A: horns 2, retaliatory headbutt
a: Renounce Religion, Heroism, Finesse


You were on level 10 of the Dungeon.
You worshipped Okawaru.
Okawaru was greatly pleased with you.
You visited 2 branches of the dungeon, and saw 11 of its levels.

You collected 649 gold pieces.

Inventory:

Hand Weapons
 a - a +0 war axe
 I - the +5 woodcutter's axe
   (You found it on level 5 of the Dungeon)
 O - a +3 war axe of freezing (weapon)
Missiles
 v - 4 throwing nets
Armour
 b - a +0 scale mail
 c - a +0 buckler (worn)
 h - a +0 chain mail (worn)
 m - an orb of light
 A - a +0 pair of gloves of stealth (worn)
Magical Staves
 C - a staff of death
 K - the staff "Vehodumn" {rElec rPois rN+ Int+3 Necro}
   (You found it on level 10 of the Dungeon)

   [staff of death]

   Base accuracy: +5 Base damage: 5 Base attack delay: 1.2 This weapon's minimum
   attack delay (0.6) is reached at skill level 12.
   Int+3:     It affects your intelligence (+3).
   rElec:     It insulates you from electricity.
   rPois:     It protects you from poison rN+: It protects you from negative
   energy.
   Necro:     It increases the power of your Necromancy spells.
   It falls into the 'Staves' category.
   It is a one-handed weapon.
 P - a staff of fire
Jewellery
 y - a +4 ring of protection (left hand)
 z - a +6 ring of intelligence (right hand)
Wands
 F - a wand of light (3)
 L - a wand of paralysis (10)
 S - a wand of flame (10)
Scrolls
 g - 2 scrolls of fear
 l - 2 scrolls of teleportation
 n - 2 scrolls of torment {unknown}
 o - 2 scrolls of immolation {unknown}
 r - 3 scrolls of revelation
 t - 4 scrolls of enchant weapon {unknown}
 u - 2 scrolls of poison {unknown}
 x - a scroll of vulnerability
 B - a scroll of blinking
 E - a scroll of acquirement {unknown}
 H - a scroll of enchant armour
 M - a scroll of fog
 N - 2 scrolls of noise {unknown}
Potions
 d - a potion of might
 e - 2 potions of heal wounds {unknown}
 f - 4 potions of degeneration
 i - a potion of invisibility {unknown}
 j - 4 potions of magic
 k - 2 potions of attraction {unknown}
 p - a potion of berserk rage {unknown}
 q - a potion of curing
 s - 2 potions of haste {unknown}
 w - a potion of ambrosia {unknown}
 J - a potion of lignification {unknown}
 Q - a potion of experience {unknown}
 R - a potion of cancellation {unknown}
Miscellaneous
 D - a lightning rod (4/4)
 G - a condenser vane


   Skills:
 + Level 9.4(14.4) Fighting
 * Level 12.3(17.3) Axes
 - Level 7.6(12.6) Armour
 + Level 4.7(9.7) Dodging
 + Level 9.2(14.2) Shields
 + Level 0.7 Spellcasting
 + Level 5.1 Transmutations
 * Level 6.2 Invocations
 + Level 4.2 Evocations


You had 9 spell levels left.
You knew the following spells:

 Your Spells              Type           Power      Damage    Failure   Level
a - Wereblood             Tmut           13%        N/A       24%         2

Your spell library contained the following spells:

 Spells                   Type           Power      Damage    Failure   Level
 Sting                    Tmut/Pois      28%        1d4       43%         1
 Magic Dart               Conj           0%         1d3       78%         1
 Lesser Beckoning         Tloc           0%         N/A       89%         2
 Poisonous Vapours        Pois/Air       0%         N/A       89%         2
 Searing Ray              Conj           0%         2d4       89%         2
 Frozen Ramparts          Ice            0%         1d1       98%         3
 Gell's Gravitas          Tloc           0%         N/A       98%         3
 Hailstorm                Conj/Ice       0%         3d3       98%         3
 Teleport Other           Tloc           0%         N/A       98%         3
 Petrify                  Tmut/Erth      7%         N/A       99%         4
 Dimensional Bullseye     Hex/Tloc       0%         N/A       100%        4
 Fulminant Prism          Conj/Hex       0%         3d5       100%        4
 Iskenderun's Mystic Bla  Conj/Tloc      0%         2d3       100%        4
 Olgreb's Toxic Radiance  Pois           0%         N/A       100%        4
 Borgnjor's Vile Clutch   Necr/Erth      0%         N/A       100%        5
 Irradiate                Conj/Tmut      3%         3d12      100%        5
 Metabolic Englaciation   Hex/Ice        0%         N/A       100%        5
 Tukima's Dance           Hex            Unusable   N/A       N/A         3
 Animate Dead             Necr           Unusable   N/A       N/A         4
 Summon Ice Beast         Ice/Summ       Unusable   N/A       N/A         4
 Death Channel            Necr           Unusable   N/A       N/A         6
 Simulacrum               Ice/Necr       Unusable   N/A       N/A         6

Dungeon Overview and Level Annotations

Branches:
Dungeon (10/15)            Temple (1/1) D:7            Lair (0/5) D:9
    Orc: D:9-12

Altars:
Ashenzari
Cheibriados
Dithmenos
Elyvilon
Fedhas
Gozag
Hepliaklqana
Makhleb
Nemelex Xobeh
Okawaru
Qazlal
Ru
Sif Muna
Trog
Uskayaw
Vehumet
Wu Jian
Xom
Yredelemnul
Zin
The Shining One

Portals:
Abyss: D:3

Annotations:
D:3 2 transporters, Chipwarrior's ghost, amateur TeAE
D:6 4 runed translucent doors
D:10 Nergalle


Innate Abilities, Weirdness & Mutations

You have a pair of horns on your head.
You reflexively headbutt those who attack you in melee.


Message History

You freeze the spectral orc warrior.
You hit the spectral orc warrior but do no damage. x2
The spectral orc warlord hits you but does no damage.
The spectral orc warrior hits you but does no damage.
Nergalle hits you but does no damage.
You barely miss Nergalle. You headbutt Nergalle!
Nergalle is severely wounded.
You hit the spectral orc warrior. You freeze the spectral orc warrior.
You hit the spectral orc warrior. You freeze the spectral orc warrior.
You hit the spectral orc warlord but do no damage.
You hit the spectral orc warrior but do no damage.
The spectral orc warrior misses you.
You block the spectral orc warrior's attack.
You block the spectral orc warlord's attack.
The spectral orc warrior closely misses you.
You hit Nergalle but do no damage.
Nergalle is severely wounded.
You hit the spectral orc warlord but do no damage.
You hit the spectral orc warrior. You slash the spectral orc warrior!
You freeze the spectral orc warrior.
You destroy the spectral orc warrior!
The spectral orc warrior disappears in a puff of smoke!
You hit the spectral orc warrior.
Nergalle mutters something.
Nergalle hits you but does no damage. The spectral orc warrior hits you.
* * * LOW HITPOINT WARNING * * *
You feel drained.
* * * LOW HITPOINT WARNING * * *
You take 7 damage, and have 2/87 hp.
You hit Nergalle. You freeze Nergalle.
Nergalle is severely wounded.
You completely miss the spectral orc warrior.
You hit the spectral orc warlord. You slash the spectral orc warrior!
You freeze the spectral orc warrior.
You destroy the spectral orc warrior!
The spectral orc warrior disappears in a puff of smoke!
The spectral orc warlord hits you with a +3 long sword of electrocution.
* * * LOW HITPOINT WARNING * * *
You feel drained.
You die...

#...... ..#
#....#######.#
#....#.....#.#
'....##....#.#
#.....#....#.#
......#....#.#+######
#.....#'####........####
####............Z§.....#
'..##...#####+##@Z.....#
#8..#...# #§o......
###.#...# #........
).#'#...# #........
###.#...# #........
#8..#.... .........
'..##..... .........
####....... .+##..... #


You could see Nergalle, a spectral orc warrior (summoned) and a spectral orc
warlord (summoned).

Vanquished Creatures
  Harold (D:9)
  2 two-headed ogres (D:9)
  Pikel (D:8)
  3 deep elf pyromancers
  A cyclops (D:10)
  A kobold demonologist (D:6)
  A komodo dragon (D:9)
  An unseen horror (D:7)
  An efreet (D:10)
  A troll (D:9)
  A hornet (D:7)
  A slime creature (D:7)
  Sigmund (D:3)
  A wraith (D:10)
  A shadow (D:9)
  2 yaks
  A vampire (D:9)
  2 wyverns
  A vampire mosquito (D:7)
  2 steam dragons
  Menkaure (D:5)
  Edmund (D:6)
  3 acid dragons
  5 water moccasins
  2 ice beasts
  2 black bears (D:9)
  4 orc warriors
  An ogre (D:6)
  6 centaurs
  4 lemures (D:8)
  5 phantoms
  2 kobold brigands
  10 bullfrogs
  2 gnoll sergeants
  2 scorpions
  9 wights
  9 killer bees
  2 howler monkeys (D:9)
  3 hounds
  6 jellies
  8 orc priests
  A gnoll bouda (D:9)
  6 iguanas
  10 orc wizards
  Ijyb (D:3)
  3 gnolls (D:9)
  6 adders
  3 shadow imps
  A white imp (D:6)
  An ufetubus (D:7)
  2 worms
  2 dart slugs
  24 orcs
  7 endoplasms
  8 giant cockroaches
  7 goblins
  8 hobgoblins
  4 quokkas
  5 ball pythons
  7 bats
  7 frilled lizards
  18 kobolds
  6 rats (D:1)
250 creatures vanquished.

Vanquished Creatures (others)
  A yak (D:9)
1 creature vanquished.

Grand Total: 251 creatures vanquished

Notes
Turn   | Place    | Note
-------+----------+-------------------------------------------
     0 | D:1      | Dirtsage the Minotaur Fighter began the quest for the Orb.
     0 | D:1      | Reached XP level 1. HP: 19/19 MP: 0/0
   126 | D:1      | Reached XP level 2. HP: 27/27 MP: 1/1
   331 | D:1      | Reached skill level 3 in Axes
   733 | D:2      | Reached XP level 3. HP: 31/33 MP: 2/2
  1033 | D:2      | Found a faded altar of an unknown god.
  1057 | D:2      | Reached XP level 4. HP: 40/40 MP: 3/3
  1376 | D:3      | Reached skill level 4 in Axes
  1534 | D:3      | Noticed Ijyb
  1548 | D:3      | Killed Ijyb
  1549 | D:3      | Reached XP level 5. HP: 43/47 MP: 4/4
  1569 | D:3      | Found a shadowy altar of Dithmenos.
  1595 | D:3      | Noticed Sigmund
  1605 | D:3      | Killed Sigmund
  1606 | D:3      | Reached skill level 5 in Axes
  1606 | D:3      | Reached XP level 6. HP: 53/55 MP: 5/5
  1654 | D:3      | Noticed Chipwarrior's ghost (amateur TeAE)
  1662 | D:3      | Noticed a small abomination
  1682 | D:3      | Reached skill level 5 in Armour
  1805 | D:3      | Found a transporter.
  1811 | D:3      | Found a one-way gate to the infinite horrors of the Abyss.
  1812 | D:3      | Found a transporter.
  1949 | D:3      | Reached skill level 5 in Shields
  2141 | D:4      | Reached skill level 5 in Fighting
  2374 | D:4      | Reached skill level 6 in Axes
  2500 | D:4      | Learned a level 2 spell: Wereblood
  2563 | D:4      | Reached XP level 7. HP: 56/61 MP: 6/6
  2961 | D:5      | Entered Level 5 of the Dungeon
  2983 | D:5      | Noticed Menkaure
  2989 | D:5      | Killed Menkaure
  2990 | D:5      | Reached skill level 1 in Transmutations
  3177 | D:5      | Found the +5 woodcutter's axe
  3279 | D:5      | Reached skill level 7 in Axes
  3563 | D:5      | Found a basalt altar of Yredelemnul.
  3619 | D:5      | Reached XP level 8. HP: 70/70 MP: 7/7
  3755 | D:6      | Noticed Edmund
  3762 | D:6      | Killed Edmund
  3938 | D:6      | Reached skill level 8 in Axes
  4138 | D:6      | Noticed a cyclops
  4139 | D:6      | Found a large runed translucent door.
  4140 | D:6      | Found a large runed translucent door.
  4141 | D:6      | Found a large runed translucent door.
  4141 | D:6      | Found a large runed translucent door.
  4183 | D:6      | Noticed a kobold demonologist
  4190 | D:6      | Killed a kobold demonologist
  4255 | D:6      | Reached XP level 9. HP: 75/79 MP: 8/8
  4297 | D:6      | Reached skill level 9 in Axes
  4541 | D:7      | Found a transporter.
  4667 | D:7      | Noticed an unseen horror
  4878 | D:7      | Reached skill level 1 in Evocations
  4935 | D:7      | Found a transporter.
  5028 | D:7      | Found a staircase to the Ecumenical Temple.
  5034 | Temple   | Entered the Ecumenical Temple
  5047 | Temple   | Became a worshipper of Warmaster Okawaru
  5587 | D:7      | Reached skill level 1 in Invocations
  5592 | D:7      | Reached skill level 10 in Axes
  5594 | D:7      | Reached skill level 1 in Dodging
  5616 | D:7      | Reached * piety under Okawaru
  5621 | D:7      | Paralysed by a hornet for 1 turns
  5625 | D:7      | Paralysed by a hornet for 3 turns
  5628 | D:7      | Killed an unseen horror
  5630 | D:7      | Reached XP level 10. HP: 47/88 MP: 10/10
  6230 | D:8      | Noticed Pikel
  6237 | D:8      | Killed Pikel
  6237 | D:8      | Reached ** piety under Okawaru
  7173 | D:9      | Identified the "Zoitsud"
  7173 | D:9      | Identified the "Munlituwn"
  7173 | D:9      | Identified the of Vasimn
  7173 | D:9      | Noticed a +0 dagger
  7173 | D:9      | Noticed a +0 hand axe
  7173 | D:9      | Found a hide-covered altar of Uskayaw.
  7395 | D:9      | Reached skill level 11 in Axes
  7573 | D:9      | Reached *** piety under Okawaru
  7646 | D:9      | Noticed a deep elf pyromancer
  7656 | D:9      | Noticed a two-headed ogre
  7659 | D:9      | Killed a deep elf pyromancer
  7661 | D:9      | Killed a two-headed ogre
  7666 | D:9      | Reached XP level 11. HP: 66/95 MP: 13/13
  7668 | D:9      | Noticed a deep elf pyromancer
  7670 | D:9      | Reached **** piety under Okawaru
  7673 | D:9      | Reached skill level 5 in Invocations
  7683 | D:9      | Killed a deep elf pyromancer
  7689 | D:9      | Noticed Harold
  7689 | D:9      | Noticed a two-headed ogre
  7705 | D:9      | Killed a two-headed ogre
  7711 | D:9      | Killed Harold
  7722 | D:9      | Reached skill level 12 in Axes
  8142 | D:9      | Found a staircase to the Lair.
  8268 | D:9      | Found a white marble altar of Elyvilon.
  8294 | D:9      | Found a shimmering blue altar of Sif Muna.
  8339 | D:10     | Entered Level 10 of the Dungeon
  8395 | D:10     | Noticed a deep elf pyromancer
  8435 | D:10     | Reached skill level 5 in Transmutations
  8500 | D:10     | Killed a deep elf pyromancer
  8506 | D:10     | Reached ***** piety under Okawaru
  8515 | D:10     | Identified the staff "Vehodumn" {rElec rPois rN+ Int+3
                  | Necro}
  8691 | D:10     | Noticed Nergalle
  8694 | D:10     | Noticed a spectral orc warlord
  8715 | D:10     | HP: 3/89 [spectral orc warrior[Nergalle] (6)]
  8716 | D:10     | HP: 1/87 [spectral orc warlord/+3 long sword of
                  | electrocution[Nergalle] (2)]
  8716 | D:10     | Slain by a spectral orc warlord

Illustrated notes

Levels and vault maps discovered:
D:1:      dpeg_arrival_rooms_b, layout_basic, grunt_decor_cap,
          kennysheep_another_room
D:2:      layout_rooms, shapermc_ecumenical_altar_flowoftime
D:3:      layout_loops_ring, mainiacjoe_overflow_chevrons,
          gammafunk_ghost_abyssal_escape, uniq_ijyb, uniq_sigmund
D:4:      layout_loops_ring, minmay_box_of_dots
D:5:      layout_basic, kennysheep_mini, uniq_menkaure
D:6:      layout_basic, chequers_serial_rivers_micro_b,
          minmay_hollow_rounded_squares, uniq_edmund
D:7:      gammafunk_the_bubble [the_bubble_gammafunk_crates],
          layout_loops_cross, minmay_temple_entry_ruins, minmay_misc_feat_iff
D:8:      layout_layer_cave, uniq_pikel
D:9:      cheibrodos_barr_body, layout_rooms, mainiacjoe_overflow_alcove_4,
          dancing_weapons_uskayaw, nicolae_sif_muna_little_library,
          due_lair_maze_entry_diamond, hangedman_glass_teeth, minmay_puff,
          uniq_harold
D:10:     minmay_chambers_of_sixes, layout_irregular_city,
          kennysheep_vampire_church, zombieorc2_lemuel, serial_shops,
          nicolae_shop_tiny_statue_garden, uniq_nergalle
Temple:   nicolae_temple_x_marks_the_god

Skill      XL: |  1  2  3  4  5  6  7  8  9 10 11 |
---------------+----------------------------------+-----
Axes           | 3 4 5 6 7 8 10 11 12 | 12.3
Fighting       | 4 5 6 7 8 9 |  9.4
Armour         | 4 5 6 7 |  7.6
Shields        | 4 5 6 7 8 9 |  9.2
Transmutations | 1 2 3 4 5 |  5.1
Evocations     | 2 3 4 |  4.2
Invocations    | 2 4 6 |  6.2
Dodging        | 1 3 4 |  4.7
Spellcasting   | |  0.7

Action                     |  1- 3 |  4- 6 |  7- 9 | 10-12 || total
---------------------------+-------+-------+-------+-------++-------
  Melee: War axe           |    77 |    76 |   193 |   194 ||   540
         Headbutt          |     7 |    13 |    60 |    44 ||   124
  Throw: Throwing net      |       |       |     1 |       ||     1
         Dart              |       |       |       |     1 ||     1
 Invoke: Heroism           |       |       |       |     2 ||     2
  Evoke: Lightning rod     |       |       |       |     8 ||     8
         Condenser vane    |       |       |       |     2 ||     2
    Use: Potion            |       |     3 |       |       ||     3
         Scroll            |       |       |       |     8 ||     8
 Armour: Scale mail        |    45 |       |       |       ||    45
         Chain mail        |    18 |    67 |   193 |   171 ||   449
  Dodge: Dodged            |    33 |    25 |    77 |    93 ||   228
  Block: Buckler           |    15 |       |       |    17 ||    32

Table legend: (Time is in decaauts)
 A = Elapsed time spent in this place.
 B = Non-inter-level travel time spent in this place.
 C = Inter-level travel time spent in this place.
 D = Time resting spent in this place.
 E = Time spent auto-exploring this place.
 F = Levels seen in this place.
 G = Mean time per level.
                   A        B        C        D        E       F      G
               +--------+--------+--------+--------+--------+-----+--------+
         Total |   8774 |   8387 |    387 |    328 |   6773 |  11 |  797.6 |
       Dungeon |   8751 |   8385 |    366 |    328 |   6773 |  10 |  875.1 |
        Temple |     23 |      2 |     21 |      0 |      0 |   1 |   23.0 |
               +--------+--------+--------+--------+--------+-----+--------+

Top non-repeatable levels by time:
     D:8: 1445 daAuts
     D:7: 1342 daAuts
     D:9: 1009 daAuts
     D:4: 911 daAuts
     D:6: 812 daAuts
     D:3: 757 daAuts
     D:5: 754 daAuts
     D:1: 742 daAuts
     D:2: 599 daAuts
    D:10: 378 daAuts
  Temple: 23 daAuts
